 Dungeon Crawl Stone Soup version 0.29.1-15-g9cfb28693d (webtiles) character file.

Game seed: 10528840996507535331

12912 hawla the Thaumaturge (level 12, -6/89 HPs)
             Began as a Meteoran Ice Elementalist on Mar 24, 2023.
             Was a Follower of Vehumet.
             Killed from afar by an ice statue (16 damage)
             ... with a shard of ice
             ... in an ice cave on Mar 26, 2023.
             The game lasted 00:39:06 (6370 turns).

hawla the Thaumaturge (Meteoran Ice Elementalist)   Turns: 6370, Time: 00:39:07

Health: -6/89      AC: 16    Str:  7    XL:     12   Next: 56%
Magic:  10/30      EV: 16    Int: 23    God:    Vehumet [*.....]
Gold:   628        SH:  0    Dex: 21    Spells: 25/37 levels left

rFire   . . .      SeeInvis .   q - +10 falchion of Bemalaq {vorpal, rElec rC+ Str-3}
rCold   + + .      Faith    .   n - orb {*channel}
rNeg    . . .      Spirit   .   v - +2 robe {rC+}
rPois   .          Reflect  .   e - +0 helmet
rElec   +          Harm     .   t - +0 cloak
rCorr   .          Rampage  .   h - +0 pair of gloves
Will    +....                   l - +0 pair of boots
Stlth   +.........              p - amulet of the acrobat
HPRegen 0.24/turn               c - +4 ring of protection
MPRegen 0.22/turn               j - ring "Vemooph" {AC+4 Dex+7}

@: very slightly contaminated, glowing
A: sense surroundings 2, otherworldly, glowing, explore regen, screaming 1
a: Renounce Religion


You were in an ice cave.
You worshipped Vehumet.
Vehumet was aware of your devotion.
You visited 2 branches of the dungeon, and saw 12 of its levels.
You also visited: Ice Cave.

You collected 628 gold pieces.

Inventory:

Hand Weapons
 q - the +10 falchion of Bemalaq (weapon) {vorpal, rElec rC+ Str-3}
   (You found it on level 7 of the Dungeon)

   It inflicts extra damage upon your enemies.
   Str:       It affects your strength (-3).
   rC:        It protects you from cold.
   rElec:     It insulates you from electricity.
 u - the +9 short sword of Circular Logic {freeze, Contam Int+3 Dex+3}
   (You found it on level 6 of the Dungeon)

   It freezes those it strikes, dealing additional cold damage.
   It can also slow down cold-blooded creatures.
   Int:       It affects your intelligence (+3).
   Dex:       It affects your dexterity (+3).
   Contam:    It causes magical contamination when unequipped.
Armour
 e - a +0 helmet (worn)
 h - a +0 pair of gloves (worn)
 l - a +0 pair of boots (worn)
 n - an orb of energy (worn)
 s - a +2 robe of willpower
 t - a +0 cloak (worn)
 v - a +2 robe of cold resistance (worn)
Magical Staves
 r - a staff of fire
Jewellery
 c - a +4 ring of protection (left hand)
 d - a ring of poison resistance
 j - the ring "Vemooph" (right hand) {AC+4 Dex+7}
   (You found it on level 7 of the Dungeon)

   [ring of protection]

   AC:        It affects your AC (+4).
   Dex:       It affects your dexterity (+7).
 k - a ring of ice
 p - an amulet of the acrobat (around neck)
Wands
 a - a wand of iceblast (8)
 f - a wand of charming (25)
 z - a wand of mindburst (3)
Scrolls
 i - 2 scrolls of teleportation
 m - 2 scrolls of brand weapon
 o - 5 scrolls of identify
Potions
 b - 2 potions of brilliance


   Skills:
 + Level 3.5 Fighting
 + Level 1.3(2.6) Short Blades
 + Level 3.9(4.1) Long Blades
 + Level 6.6 Dodging
 - Level 1.4 Stealth
 + Level 13.1 Spellcasting
 + Level 8.2 Conjurations
 + Level 0.7 Fire Magic
 + Level 11.9 Ice Magic
 + Level 7.1 Evocations


You had 25 spell levels left.
You knew the following spells:

 Your Spells              Type           Power      Damage    Failure   Level
a - Freeze                Ice            100%       1d11      1%          1
b - Frozen Ramparts       Ice            100%       1d16      1%          3
c - Hailstorm             Conj/Ice       57%        3d12      1%          4
d - Flame Wave            Conj/Fire      35%        2d10      6%          4

Your spell library contained the following spells:

 Spells                   Type           Power      Damage    Failure   Level
 Shock                    Conj/Air       100%       1d9       1%          1
 Foxfire                  Conj/Fire      100%       2x1d9     1%          1
 Conjure Flame            Conj/Fire      35%        6-21      1%          3
 Ozocubu's Armour         Ice            63%        N/A       1%          3
 Necrotise                Necr           60%        1d7       4%          1
 Inner Flame              Hex/Fire       16%        N/A       11%         3
 Confusing Touch          Hex            15%        N/A       12%         3
 Vampiric Draining        Necr           15%        2d7       12%         3
 Agony                    Necr           15%        N/A       75%         5
 Yara's Violent Unravell  Hex/Tmut       7%         3d5       75%         5
 Enfeeble                 Hex            7%         N/A       100%        7


Dungeon Overview and Level Annotations

Branches:
Dungeon (11/15) Zot: 902   Temple (1/1) D:4 Zot: 356   IceCv (1/1) Zot: 124
   Lair: D:8-11         Orc: D:9-12

Altars:
Ashenzari
Cheibriados
Dithmenos
Elyvilon
Fedhas
Gozag
Hepliaklqana
Kikubaaqudgha
Makhleb
Nemelex Xobeh
Okawaru
Qazlal
Ru
Sif Muna
Trog
Uskayaw
Vehumet
Wu Jian
Xom
Yredelemnul
Zin
The Shining One

Shops:
D:5 :   D:7 =   D:9 (

Annotations:
IceCv exclusion: ice statue


Innate Abilities, Weirdness & Mutations

You passively map the area around you.
You are easily found by Zot.
You glow in the dark.
You regain HP and MP as you explore.
You occasionally shout uncontrollably at your foes.


Message History

Press: ? - help, Dir - look around, f - activate A cannonade of hail descends around you!
You are engulfed in freezing vapours.
You resist.
The ice beast hits you but does no damage.
Unknown command.
Casting: Hailstorm (mildly dangerous; 1% risk of failure)
Confirm with . or Enter, or press ? or * to list all spells.
Casting: Flame Wave (dangerous; 6% risk of failure)
Press: ? - help, Dir - look around, f - activate You miscast Flame Wave.
Nothing appears to happen.
You are engulfed in freezing vapours.
You resist.
* * * LOW HITPOINT WARNING * * *
The ice statue gestures at you. The freezing blast engulfs you. You resist.
* * * LOW HITPOINT WARNING * * *
The ice beast hits you but does no damage.
You are engulfed in freezing vapours.
You resist.
* * * LOW HITPOINT WARNING * * *
The ice statue gestures at you. The freezing blast misses you.
The ice beast completely misses you.
Casting: Flame Wave (dangerous; 6% risk of failure)
Confirm with . or Enter, or press ? or * to list all spells.
Casting: Flame Wave (dangerous; 6% risk of failure)
Press: ? - help, Dir - look around, f - activate You miscast Flame Wave.
Nothing appears to happen.
You are engulfed in freezing vapours.
You resist.
* * * LOW HITPOINT WARNING * * *
The ice statue gestures at you. The freezing blast engulfs you. You resist.
* * * LOW HITPOINT WARNING * * *
The ice beast closely misses you.
You are engulfed in freezing vapours.
You resist.
* * * LOW HITPOINT WARNING * * *
The ice beast completely misses you.
You are too injured to fight recklessly!
You feel better.
You are engulfed in freezing vapours.
You resist.
* * * LOW HITPOINT WARNING * * *
The ice statue gestures at you. The shard of ice hits you!
You partially resist.
You die...

#.......#
#..☼§§..#
#(÷§☼§.)#
#[.§§§..#
####§####
#§§☼§§§§#
#§§.....#
#§°○○..§#
#§§.@.§§#
#§..☼Y§§#
##§☼§§.##
##§§☼##
##8##
*§uZ * *
.§§§ **
*..§§☼ ,


You could see an ice statue, a white ugly thing, an ice beast (summoned) and a
harpy simulacrum.

Vanquished Creatures
  Fannar (D:10)
  2 two-headed ogres
  An ugly thing (IceCv)
  A cyclops (D:9)
  2 ice statues (IceCv)
  A gargoyle (D:7)
  A rime drake (D:11)
  2 unseen horror zombies (D:8)
  A kobold demonologist (D:10)
  A komodo dragon (D:9)
  2 trolls
  A hornet (D:8)
  3 polar bears (D:11)
  2 wyverns
  11 yaks
  A wraith (D:9)
  4 steam dragons
  A death yak simulacrum (IceCv)
  An acid dragon (D:10)
  2 water moccasins
  2 black bears
  4 orc warriors
  2 wolves (D:11)
  4 centaurs
  A phantom (D:4)
  3 bullfrogs
  3 kobold brigands (D:10)
  3 necrophages
  6 scorpions
  2 cane toad simulacra (IceCv)
  16 wights
  5 howler monkeys
  A centaur zombie (D:8)
  4 jellies
  2 orc priests
  3 hounds
  2 iguanas
  11 orc wizards
  2 polar bear simulacra (IceCv)
  A wolf simulacrum (IceCv)
  A killer bee zombie (D:8)
  Robin (D:4)
  2 howler monkey zombies (D:8)
  6 adders
  A shadow imp (D:7)
  2 white imps (D:6)
  2 worms (D:4)
  29 orcs
  3 ball pythons
  2 bats (D:1)
  4 endoplasms
  2 giant cockroaches
  7 hobgoblins
  3 quokkas
  2 frilled lizards
  12 goblins
  17 kobolds
  2 rats (D:1)
216 creatures vanquished.

Vanquished Creatures (others)
  4 withered plants (D:8)
4 creatures vanquished.

Grand Total: 220 creatures vanquished

Notes
Turn   | Place    | Note
-------+----------+-------------------------------------------
     0 | D:1      | hawla the Meteoran Ice Elementalist began the quest for the
                  | Orb.
     0 | D:1      | Reached XP level 1. HP: 14/14 MP: 5/5
    32 | D:1      | Reached XP level 2. HP: 13/20 MP: 0/6
   205 | D:1      | Reached skill level 3 in Spellcasting
   354 | D:3      | Reached skill level 5 in Ice Magic
   354 | D:3      | Reached XP level 3. HP: 24/26 MP: 4/8
   358 | D:3      | Learned a level 3 spell: Frozen Ramparts
   486 | D:3      | Noticed a scorpion
   490 | D:3      | Killed a scorpion
   491 | D:3      | Reached skill level 4 in Spellcasting
   491 | D:3      | Reached XP level 4. HP: 33/33 MP: 4/11
   491 | D:3      | Reached XP level 5. HP: 38/38 MP: 4/12
   755 | D:4      | Noticed a phantom
   778 | D:4      | Learned a level 4 spell: Hailstorm
   810 | D:4      | Reached XP level 6. HP: 38/45 MP: 0/13
   903 | D:4      | Found a staircase to the Ecumenical Temple.
   912 | Temple   | Entered the Ecumenical Temple
  1375 | D:4      | Noticed Robin
  1383 | D:4      | Killed Robin
  1427 | D:4      | Found a sparkling altar of Nemelex Xobeh.
  1688 | D:5      | Entered Level 5 of the Dungeon
  1699 | D:5      | Noticed a black bear
  1705 | D:5      | Killed a black bear
  1706 | D:5      | Reached skill level 5 in Conjurations
  1706 | D:5      | Reached XP level 7. HP: 50/50 MP: 1/14
  2046 | D:5      | Reached skill level 5 in Spellcasting
  2212 | D:5      | Reached XP level 8. HP: 53/58 MP: 7/16
  2372 | D:5      | Found Qiuvyuk's Book Shop.
  2510 | D:6      | Reached skill level 1 in Evocations
  2518 | D:6      | Noticed a steam dragon
  2531 | D:6      | Killed a steam dragon
  2532 | D:6      | Reached skill level 1 in Fighting
  2567 | D:6      | Reached skill level 6 in Spellcasting
  2709 | D:6      | Identified the +9 short sword of Circular Logic {freeze,
                  | Contam Int+3 Dex+3}
  2923 | D:6      | You fall into a shaft and drop 1 floor!
  2981 | D:7      | Noticed a steam dragon
  2981 | D:7      | Noticed a wyvern
  2986 | D:7      | Killed a wyvern
  2987 | D:7      | Gained mutation: You passively map the area around you.
                  | [Meteoran growth]
  2987 | D:7      | Reached XP level 9. HP: 53/64 MP: 8/20
  2989 | D:7      | Reached skill level 7 in Spellcasting
  2991 | D:7      | Reached skill level 8 in Spellcasting
  3081 | D:7      | Noticed a troll
  3087 | D:7      | Killed a troll
  3150 | D:7      | Reached skill level 9 in Spellcasting
  3229 | D:7      | Found Ukie's Jewellery Emporium.
  3264 | D:7      | Reached XP level 10. HP: 59/72 MP: 20/24
  3331 | D:7      | Identified the ring "Vemooph" {AC+4 Dex+7}
  3425 | D:7      | Identified the +10 falchion of Bemalaq {vorpal, rElec rC+
                  | Str-3}
  3436 | D:7      | Noticed a gargoyle
  3439 | D:7      | Killed a gargoyle
  3468 | D:7      | Noticed a two-headed ogre
  3479 | D:7      | Killed a two-headed ogre
  3480 | D:7      | Reached skill level 1 in Long Blades
  3480 | D:7      | Reached skill level 10 in Spellcasting
  3719 | D:8      | Reached skill level 10 in Ice Magic
  3880 | D:8      | Reached skill level 5 in Dodging
  3914 | D:8      | Reached XP level 11. HP: 30/80 MP: 22/26
  4122 | D:8      | Reached skill level 11 in Spellcasting
  4482 | D:9      | Reached skill level 5 in Evocations
  4560 | D:9      | Noticed an ice dragon
  4583 | D:9      | Gained mutation: You occasionally shout uncontrollably at
                  | your foes. [mutagenic glow]
  4701 | D:9      | Reached skill level 1 in Short Blades
  4723 | D:9      | Found Wisaen's Weapon Shop.
  4805 | D:9      | Found a radiant altar of Vehumet.
  4806 | D:9      | Found a sacrificial altar of Ru.
  4826 | D:9      | Became a worshipper of Vehumet
  4942 | D:9      | Noticed a cyclops
  4954 | D:9      | Killed a cyclops
  5076 | D:10     | Entered Level 10 of the Dungeon
  5091 | D:10     | Reached skill level 12 in Spellcasting
  5105 | D:10     | Noticed Fannar
  5124 | D:10     | Killed Fannar
  5204 | D:10     | Found a burning altar of Makhleb.
  5317 | D:10     | Reached XP level 12. HP: 84/89 MP: 25/29
  5382 | D:10     | Noticed a two-headed ogre
  5388 | D:10     | Killed a two-headed ogre
  5731 | D:10     | Reached * piety under Vehumet
  5731 | D:10     | Offered knowledge of Shock by Vehumet.
  5881 | D:11     | Found a frozen archway.
  5898 | D:11     | Learned a level 4 spell: Flame Wave
  5906 | IceCv    | Entered an ice cave
  5953 | IceCv    | Reached skill level 13 in Spellcasting
  6370 | IceCv    | Killed from afar by an ice statue

Illustrated notes

Levels and vault maps discovered:
D:1:      dpeg_arrival_ternary, layout_basic, serial_shops, nicolae_shop_stone,
          st_stairs_6
D:2:      layout_loops_ring, shapermc_ecumenical_altar_pompeii,
          dk_noncrumbling_2
D:3:      layout_loops_corners
D:4:      layout_gridville, nemelex_diamond_rough_becter,
          minmay_temple_entry_poolview, grunt_decor_resistance, uniq_robin
D:5:      cheibrodos_quashed, layout_gridville, serial_shops, shop
D:6:      layout_basic
D:7:      minmay_the_grid_octo_triangle [minmay_the_grid_octo_tetromino_candy,
          minmay_the_grid_octo_prize_single_spiral, minmay_the_grid_octo_focus],
          layout_rooms, serial_shops, nicolae_shop_hallway_plus
D:8:      layout_cave_pools, serial_undead, serial_undead_b, serial_undead_b,
          serial_undead_f, serial_undead_c
D:9:      dragon1_lemuel, layout_basic, jmf_multi_god_temple, serial_shops, shop
D:10:     layout_irregular_city, lemuel_tele_altar, grunt_ministairs_4,
          uniq_fannar
D:11:     layout_roguey, grunt_lair_entry_orc_guard_hut, orc_0_dummy,
          portal_ice_cave_entry_animals_and_master
Temple:   mainiacjoe_temple_bowtie_tessellation
IceCv:    ice_cave_statue_garden_chambered

Skill      XL: |  1  2  3  4  5  6  7  8  9 10 11 12 |
---------------+-------------------------------------+-----
Spellcasting   | 3 4 5 6 9 10 12 13 | 13.1
Ice Magic      | 5 6 7 8 10 11 | 11.9
Conjurations   | 2 5 6 7 8 |  8.2
Dodging        | 3 5 6 |  6.6
Evocations     | 3 6 7 |  7.1
Fighting       | 1 2 3 |  3.5
Long Blades    | 2 3 |  3.9
Short Blades   | 1 |  1.3
Stealth        | |  1.4
Fire Magic     | |  0.7

Action                   |  1- 3 |  4- 6 |  7- 9 | 10-12 || total
-------------------------+-------+-------+-------+-------++-------
Melee: Unarmed           |     1 |    12 |    93 |    21 ||   127
       Falchion          |       |       |       |    85 ||    85
       Punch             |       |       |       |     1 ||     1
       Short sword       |       |       |       |    38 ||    38
 Cast: Freeze            |    29 |    28 |    48 |    46 ||   151
       Frozen Ramparts   |     1 |    10 |    25 |    28 ||    64
       Hailstorm         |       |     7 |    16 |    61 ||    84
       Flame Wave        |       |       |       |    10 ||    10
Evoke: Wand              |       |       |     2 |    24 ||    26
  Use: Potion            |     1 |       |     3 |     8 ||    12
       Scroll            |       |     2 |     6 |    10 ||    18
Armor: Robe              |     8 |    18 |    64 |   156 ||   246
Dodge: Dodged            |    17 |    23 |    76 |   266 ||   382
